[ PARTIDA AOE2 · #464697845 ]
UnrankedSarracenos vs Malians
Equipo del jugador · DERR
[ ANÁLISIS DE REPETICIÓN · EXTRAÍDO DE LA PARTIDA GRABADA ]
Feudal
8:29
Castillos
20:45
Imperial
—
| APM promedio | 70.8 |
| APM pico | 104 |
| eAPM promedio | 23.6 |
| Aldeanos / militares | 41 / 37 |
Foco
⚔️ 42.7% · 🌾 57.3%
Archer ×37
Feudal
8:14
Castillos
—
Imperial
—
| APM promedio | 66.1 |
| APM pico | 112 |
| eAPM promedio | 24.3 |
| Aldeanos / militares | 43 / 45 |
Foco
⚔️ 49.9% · 🌾 50.1%
Archer ×45
Feudal
9:34
Castillos
18:05
Imperial
—
| APM promedio | 64.6 |
| APM pico | 113 |
| eAPM promedio | 31.6 |
| Aldeanos / militares | 65 / 21 |
Foco
⚔️ 36.8% · 🌾 63.2%
Fishing Ship ×20 · Knight ×15 · Galley ×6
Feudal
8:49
Castillos
21:05
Imperial
—
| APM promedio | 55.7 |
| APM pico | 91 |
| eAPM promedio | 30.0 |
| Aldeanos / militares | 56 / 21 |
Foco
⚔️ 37.8% · 🌾 62.2%
Scout Cavalry ×14 · Knight ×7
Feudal
9:19
Castillos
—
Imperial
—
| APM promedio | 80.3 |
| APM pico | 131 |
| eAPM promedio | 38.7 |
| Aldeanos / militares | 63 / 47 |
Foco
⚔️ 39.1% · 🌾 60.9%
Archer ×47 · Fishing Ship ×21
Feudal
10:19
Castillos
23:37
Imperial
—
| APM promedio | 33.2 |
| APM pico | 98 |
| eAPM promedio | 12.5 |
| Aldeanos / militares | 55 / 15 |
Foco
⚔️ 15.8% · 🌾 84.2%
Scout Cavalry ×15
Feudal
9:37
Castillos
19:21
Imperial
—
| APM promedio | 42.4 |
| APM pico | 92 |
| eAPM promedio | 20.9 |
| Aldeanos / militares | 73 / 42 |
Foco
⚔️ 44.0% · 🌾 56.0%
Fishing Ship ×37 · Knight ×27 · Galley ×14 · Spearman ×1
Feudal
9:43
Castillos
21:11
Imperial
—
| APM promedio | 70.4 |
| APM pico | 118 |
| eAPM promedio | 23.1 |
| Aldeanos / militares | 54 / 37 |
Foco
⚔️ 39.2% · 🌾 60.8%
Archer ×34 · Fishing Ship ×9 · Spearman ×3
Mapa de la partida
Recursos iniciales + cada clic de construcción. Líneas = muros · curvas = relieve. ◆ oro · ⬟ piedra · ● bayas · ✦ reliquia · ◌ hueco del cierre
Tu base· Abierta — flanco sin cerrar
Base de AM | Aparato de Golgi· Abierta — flanco sin cerrar
Base de [CL] Sebag· Abierta — flanco sin cerrar
Base de AM | Dani_Tamer· Abierta — flanco sin cerrar
Base de Inkisidor_· Abierta — hueco de 9t
Base de Chevy· Abierta — flanco sin cerrar
Base de watoncito· Abierta — flanco sin cerrar
Base de Gojo· Abierta — flanco sin cerrar
Terreno inicial suavizado · ◌ = hueco del cierre detectado · pasá el cursor para detalles
Inputs por minuto
— Sahaquiel - - AM | Aparato de Golgi
Build order — Sahaquiel
139 acciones detectadas en el replay
| 0:01 | Crear | Villager (Male) |
| 0:02 | Crear | Villager (Male) |
| 0:03 | Construir | House |
| 0:04 | Construir | House |
| 0:05 | Crear | Villager (Male) |
| 0:05 | Crear | Villager (Male) |
| 1:32 | Construir | Lumber Camp |
| 1:35 | Crear | Villager (Male) |
| 2:03 | Crear | Villager (Male) |
| 2:04 | Crear | Villager (Male) |
| 2:27 | Crear | Villager (Male) |
| 2:27 | Crear | Villager (Male) |
| 2:27 | Crear | Villager (Male) |
| 2:47 | Crear | Villager (Male) |
| 2:47 | Crear | Villager (Male) |
| 2:47 | Crear | Villager (Male) |
| 3:03 | Crear | Villager (Male) |
| 3:03 | Crear | Villager (Male) |
| 3:40 | Crear | Villager (Male) |
| 3:45 | Construir | House |
| 4:07 | Construir | House |
| 4:09 | Crear | Villager (Male) |
| 4:09 | Crear | Villager (Male) |
| 4:28 | Crear | Villager (Male) |
| 4:51 | Crear | Villager (Male) |
| 5:11 | Construir | Mill |
| 5:17 | Crear | Villager (Male) |
| 5:30 | Investigar | Loom |
| 6:19 | Investigar | Feudal Age |
| 7:24 | Crear | Villager (Male) |
| 7:31 | Construir | Barracks |
| 8:13 | Construir | House |
| 8:29 | Edad | Edad Feudal |
| 8:43 | Crear | Villager (Male) |
| 8:50 | Construir | Archery Range |
| 8:58 | Crear | Villager (Male) |
| 9:03 | Construir | Archery Range |
| 9:22 | Crear | Villager (Male) |
| 9:39 | Construir | Market |
| 9:42 | Crear | Villager (Male) |
| 9:51 | Crear | Archer |
| 10:03 | Construir | Mining Camp |
| 10:07 | Crear | Villager (Male) |
| 10:29 | Crear | Villager (Male) |
| 10:49 | Construir | House |
| 10:50 | Construir | Palisade Wall |
| 10:52 | Crear | Archer |
| 10:53 | Crear | Archer |
| 10:53 | Crear | Archer |
| 10:55 | Crear | Villager (Male) |
| 11:03 | Construir | Blacksmith |
| 11:11 | Crear | Villager (Male) |
| 11:32 | Construir | Blacksmith |
| 11:43 | Crear | Archer |
| 11:48 | Construir | House |
| 11:56 | Crear | Archer |
| 11:56 | Crear | Archer |
| 11:57 | Crear | Villager (Male) |
| 12:16 | Investigar | Fletching |
| 12:16 | Investigar | Fletching |
| 12:18 | Construir | House |
| 12:20 | Construir | Palisade Wall |
| 13:01 | Crear | Archer |
| 13:01 | Crear | Archer |
| 13:02 | Crear | Villager (Male) |
| 13:17 | Crear | Archer |
| 13:17 | Crear | Archer |
| 13:32 | Crear | Archer |
| 13:38 | Construir | Farm |
| 13:39 | Construir | Farm |
| 13:46 | Crear | Archer |
| 13:48 | Construir | House |
| 13:53 | Crear | Villager (Male) |
| 13:54 | Construir | Farm |
| 14:08 | Investigar | Double-Bit Axe |
| 14:09 | Crear | Villager (Male) |
| 14:16 | Construir | House |
| 14:21 | Crear | Archer |
| 14:21 | Crear | Archer |
| 14:26 | Crear | Archer |
| 15:13 | Crear | Archer |
| 15:13 | Crear | Archer |
| 15:14 | Crear | Villager (Male) |
| 15:19 | Construir | Farm |
| 15:19 | Construir | Farm |
| 15:56 | Crear | Archer |
| 15:56 | Crear | Archer |
| 15:58 | Crear | Villager (Male) |
| 16:03 | Construir | House |
| 16:04 | Construir | House |
| 16:14 | Crear | Villager (Male) |
| 16:37 | Crear | Villager (Male) |
| 16:39 | Construir | Farm |
| 16:39 | Construir | Farm |
| 17:07 | Construir | House |
| 17:09 | Construir | Palisade Wall |
| 17:11 | Construir | Palisade Wall |
| 17:12 | Construir | Palisade Wall |
| 18:05 | Investigar | Castle Age |
| 18:48 | Crear | Archer |
| 18:48 | Crear | Archer |
| 18:49 | Investigar | Padded Archer Armor |
| 18:53 | Construir | Lumber Camp |
| 19:06 | Crear | Archer |
| 19:07 | Crear | Archer |
| 19:10 | Construir | House |
| 19:12 | Construir | Palisade Wall |
| 19:33 | Crear | Archer |
| 19:33 | Crear | Archer |
| 19:35 | Crear | Archer |
| 19:36 | Crear | Archer |
| 19:47 | Construir | House |
| 19:48 | Construir | House |
| 19:57 | Crear | Archer |
| 19:57 | Crear | Archer |
| 20:15 | Crear | Archer |
| 20:26 | Construir | Archery Range |
| 20:31 | Construir | Farm |
| 20:32 | Construir | Farm |
| 20:36 | Crear | Archer |
| 20:36 | Crear | Archer |
| 20:42 | Construir | House |
| 20:43 | Construir | Palisade Wall |
| 20:45 | Construir | Palisade Wall |
| 20:45 | Edad | Edad de los Castillos |
| 20:46 | Construir | Palisade Wall |
| 20:54 | Investigar | Bodkin Arrow |
| 21:06 | Crear | Archer |
| 21:06 | Crear | Archer |
| 21:07 | Crear | Archer |
| 21:07 | Crear | Archer |
| 21:42 | Investigar | Crossbowman (upgrade) |
| 21:42 | Investigar | Crossbowman (upgrade) |
| 21:58 | Crear | Villager (Male) |
| 22:02 | Construir | Farm |
| 22:20 | Construir | Palisade Gate |
| 22:22 | Construir | Palisade Gate |
| 22:59 | Crear | Villager (Male) |
| 22:59 | Crear | Villager (Male) |
Build order — AM | Aparato de Golgi
140 acciones detectadas en el replay
| 0:02 | Crear | Villager (Male) ×4 |
| 0:04 | Construir | House |
| 0:05 | Construir | House |
| 1:44 | Crear | Villager (Male) |
| 1:46 | Crear | Villager (Male) |
| 2:03 | Crear | Villager (Male) |
| 2:30 | Construir | Lumber Camp |
| 2:35 | Crear | Villager (Male) |
| 3:18 | Crear | Villager (Male) |
| 3:48 | Crear | Villager (Male) |
| 3:49 | Crear | Villager (Male) |
| 3:58 | Construir | House |
| 4:38 | Crear | Villager (Male) |
| 4:39 | Crear | Villager (Male) |
| 5:03 | Construir | Mining Camp |
| 5:08 | Crear | Villager (Male) |
| 5:08 | Crear | Villager (Male) |
| 6:04 | Investigar | Feudal Age |
| 7:13 | Construir | House |
| 7:14 | Construir | Palisade Wall |
| 7:14 | Construir | Palisade Wall |
| 7:15 | Construir | Palisade Wall |
| 7:16 | Construir | Palisade Wall |
| 7:26 | Crear | Villager (Male) |
| 7:26 | Crear | Villager (Male) |
| 7:29 | Construir | Palisade Wall |
| 7:32 | Construir | Palisade Wall |
| 7:55 | Construir | Barracks |
| 8:11 | Crear | Villager (Male) |
| 8:14 | Edad | Edad Feudal |
| 8:49 | Construir | Archery Range |
| 9:06 | Investigar | Loom |
| 9:26 | Construir | Archery Range |
| 9:33 | Crear | Villager (Male) |
| 9:33 | Crear | Villager (Male) |
| 9:45 | Crear | Archer |
| 9:54 | Investigar | Loom |
| 10:12 | Construir | House |
| 10:16 | Construir | Blacksmith |
| 10:22 | Crear | Villager (Male) |
| 10:22 | Crear | Villager (Male) |
| 10:24 | Crear | Archer |
| 10:26 | Crear | Archer |
| 10:52 | Crear | Archer |
| 11:00 | Investigar | Fletching |
| 11:09 | Construir | Mill |
| 11:12 | Crear | Villager (Male) |
| 11:40 | Crear | Villager (Male) |
| 11:41 | Crear | Archer |
| 11:46 | Construir | House |
| 11:47 | Construir | House |
| 12:05 | Crear | Villager (Male) |
| 12:31 | Crear | Archer |
| 12:31 | Crear | Archer |
| 13:07 | Crear | Archer |
| 13:07 | Crear | Archer |
| 13:07 | Crear | Villager (Male) |
| 13:08 | Crear | Villager (Male) |
| 13:21 | Crear | Archer |
| 13:21 | Crear | Archer |
| 14:09 | Crear | Archer |
| 14:10 | Crear | Archer |
| 14:10 | Crear | Villager (Male) |
| 14:10 | Crear | Villager (Male) |
| 14:17 | Construir | House |
| 14:18 | Construir | House |
| 14:22 | Construir | House |
| 14:23 | Construir | House |
| 14:53 | Crear | Archer |
| 14:53 | Crear | Archer |
| 15:30 | Crear | Villager (Male) |
| 15:33 | Construir | Farm |
| 15:33 | Construir | Farm |
| 15:33 | Construir | Farm |
| 15:33 | Construir | Farm |
| 15:34 | Construir | Farm |
| 15:34 | Construir | Farm |
| 15:35 | Crear | Archer |
| 15:52 | Crear | Archer |
| 15:52 | Crear | Archer |
| 15:53 | Crear | Villager (Male) |
| 15:53 | Crear | Villager (Male) |
| 16:21 | Investigar | Padded Archer Armor |
| 16:25 | Construir | Farm |
| 16:34 | Crear | Archer |
| 16:35 | Crear | Villager (Male) |
| 17:25 | Crear | Archer |
| 17:25 | Crear | Archer |
| 17:26 | Crear | Archer |
| 17:26 | Crear | Archer |
| 17:27 | Crear | Villager (Male) |
| 17:27 | Crear | Villager (Male) |
| 17:39 | Construir | Lumber Camp |
| 18:02 | Crear | Archer |
| 18:02 | Crear | Archer |
| 18:03 | Crear | Villager (Male) |
| 18:03 | Crear | Villager (Male) |
| 18:14 | Crear | Archer |
| 18:14 | Crear | Archer |
| 18:14 | Crear | Villager (Male) |
| 18:26 | Crear | Archer |
| 18:26 | Crear | Archer |
| 19:24 | Crear | Archer |
| 19:24 | Crear | Archer |
| 19:29 | Construir | Farm |
| 19:30 | Construir | Farm |
| 19:31 | Construir | Farm |
| 19:35 | Construir | Farm |
| 19:37 | Construir | Farm |
| 19:38 | Crear | Villager (Male) |
| 19:43 | Crear | Archer |
| 19:43 | Crear | Archer |
| 20:02 | Construir | Palisade Wall |
| 20:04 | Construir | Palisade Wall |
| 20:06 | Construir | Palisade Wall |
| 20:10 | Construir | Palisade Wall |
| 20:12 | Construir | Palisade Wall |
| 20:14 | Construir | Palisade Wall |
| 20:19 | Construir | Palisade Wall |
| 20:21 | Construir | Palisade Wall |
| 20:23 | Crear | Archer |
| 20:24 | Crear | Archer |
| 20:24 | Crear | Villager (Male) |
| 20:25 | Crear | Villager (Male) |
| 20:30 | Construir | Farm |
| 21:33 | Crear | Archer |
| 21:33 | Crear | Archer |
| 21:34 | Crear | Archer |
| 21:35 | Crear | Archer |
| 21:35 | Crear | Villager (Male) |
| 22:04 | Construir | Farm |
| 22:09 | Crear | Archer |
| 22:09 | Crear | Archer |
| 22:39 | Crear | Archer |
| 22:39 | Crear | Archer |
| 22:40 | Crear | Archer |
| 22:40 | Crear | Archer |
| 22:47 | Construir | Mining Camp |
| 22:59 | Construir | Lumber Camp |
| 23:29 | Crear | Villager (Male) |
Build order — [CL] Sebag
Primeras 150 de 160 acciones detectadas
| 0:00 | Crear | Villager (Male) |
| 0:01 | Crear | Villager (Male) |
| 0:01 | Crear | Villager (Male) |
| 0:01 | Crear | Villager (Male) |
| 0:02 | Crear | Villager (Male) |
| 0:03 | Construir | House |
| 0:05 | Construir | House |
| 1:43 | Crear | Villager (Male) |
| 1:53 | Construir | Lumber Camp |
| 2:05 | Crear | Villager (Male) |
| 2:06 | Crear | Villager (Male) |
| 2:21 | Crear | Villager (Male) |
| 2:21 | Crear | Villager (Male) |
| 2:57 | Crear | Villager (Male) |
| 3:15 | Crear | Villager (Male) |
| 3:15 | Crear | Villager (Male) |
| 3:41 | Construir | Dock |
| 3:45 | Crear | Villager (Male) |
| 4:10 | Crear | Villager (Male) |
| 4:30 | Crear | Fishing Ship |
| 4:30 | Crear | Fishing Ship |
| 4:44 | Crear | Villager (Male) |
| 4:49 | Crear | Villager (Male) |
| 5:12 | Crear | Fishing Ship |
| 5:13 | Construir | House |
| 5:32 | Crear | Villager (Male) |
| 5:32 | Crear | Villager (Male) |
| 5:33 | Crear | Villager (Male) |
| 5:53 | Crear | Villager (Male) |
| 6:31 | Crear | Villager (Male) |
| 6:40 | Crear | Fishing Ship |
| 6:57 | Crear | Villager (Male) |
| 7:24 | Investigar | Feudal Age |
| 7:25 | Investigar | Feudal Age |
| 8:17 | Construir | Mining Camp |
| 8:40 | Investigar | Loom |
| 8:47 | Crear | Villager (Male) |
| 8:52 | Construir | Dock |
| 8:59 | Crear | Villager (Male) |
| 9:23 | Crear | Villager (Male) |
| 9:34 | Edad | Edad Feudal |
| 9:36 | Construir | House |
| 9:38 | Crear | Galley |
| 9:38 | Crear | Galley |
| 9:45 | Crear | Villager (Male) |
| 9:48 | Construir | Blacksmith |
| 9:51 | Investigar | Double-Bit Axe |
| 9:52 | Crear | Villager (Male) |
| 10:05 | Crear | Villager (Male) |
| 10:20 | Crear | Villager (Male) |
| 10:34 | Crear | Galley |
| 10:34 | Crear | Galley |
| 10:40 | Investigar | Fletching |
| 10:40 | Investigar | Fletching |
| 10:58 | Crear | Villager (Male) |
| 11:10 | Crear | Villager (Male) |
| 11:14 | Construir | Dock |
| 11:28 | Crear | Galley |
| 11:28 | Crear | Galley |
| 11:34 | Crear | Villager (Male) |
| 11:46 | Crear | Villager (Male) |
| 11:46 | Crear | Villager (Male) |
| 11:59 | Crear | Villager (Male) |
| 12:04 | Construir | Mill |
| 12:23 | Construir | House |
| 12:39 | Crear | Villager (Male) |
| 12:40 | Crear | Villager (Male) |
| 12:42 | Construir | Farm |
| 12:43 | Construir | Farm |
| 12:45 | Construir | Farm |
| 12:47 | Crear | Fishing Ship |
| 12:47 | Crear | Fishing Ship |
| 13:05 | Crear | Villager (Male) |
| 13:05 | Crear | Villager (Male) |
| 13:07 | Construir | Farm |
| 13:16 | Crear | Fishing Ship |
| 13:16 | Crear | Fishing Ship |
| 13:33 | Crear | Fishing Ship |
| 13:38 | Crear | Villager (Male) |
| 13:38 | Crear | Villager (Male) |
| 13:56 | Crear | Fishing Ship |
| 13:56 | Crear | Fishing Ship |
| 14:01 | Crear | Villager (Male) |
| 14:02 | Crear | Villager (Male) |
| 14:32 | Construir | Market |
| 15:23 | Investigar | Castle Age |
| 15:27 | Construir | Barracks |
| 15:39 | Construir | Lumber Camp |
| 15:47 | Crear | Fishing Ship |
| 15:52 | Construir | House |
| 16:02 | Construir | House |
| 16:41 | Investigar | Scale Barding Armor |
| 16:41 | Investigar | Scale Barding Armor |
| 16:50 | Construir | Stable |
| 17:01 | Crear | Villager (Male) |
| 17:18 | Crear | Villager (Male) |
| 17:22 | Construir | Stable |
| 17:26 | Investigar | Bloodlines |
| 17:27 | Investigar | Bloodlines |
| 18:05 | Edad | Edad de los Castillos |
| 18:06 | Crear | Knight |
| 18:07 | Crear | Knight |
| 18:07 | Crear | Knight |
| 18:13 | Investigar | Chain Barding Armor |
| 18:14 | Crear | Villager (Male) |
| 18:23 | Construir | Town Center |
| 18:31 | Crear | Villager (Male) |
| 18:34 | Construir | House |
| 18:36 | Construir | House |
| 18:40 | Crear | Knight |
| 18:48 | Crear | Knight |
| 18:48 | Crear | Knight |
| 18:51 | Crear | Villager (Male) |
| 19:03 | Crear | Villager (Male) |
| 19:12 | Investigar | Tech 906 |
| 19:13 | Investigar | Tech 906 |
| 19:18 | Crear | Knight |
| 19:20 | Crear | Villager (Male) |
| 19:25 | Crear | Villager (Male) |
| 19:32 | Investigar | Bow Saw |
| 19:32 | Investigar | Bow Saw |
| 19:56 | Crear | Knight |
| 19:56 | Crear | Knight |
| 20:01 | Crear | Fishing Ship |
| 20:01 | Crear | Fishing Ship |
| 20:21 | Construir | Lumber Camp |
| 20:25 | Crear | Knight |
| 20:25 | Crear | Knight |
| 20:25 | Crear | Knight |
| 20:30 | Crear | Villager (Male) |
| 20:30 | Crear | Villager (Male) |
| 20:39 | Construir | Mining Camp |
| 21:26 | Crear | Villager (Male) |
| 21:27 | Investigar | Wheelbarrow |
| 21:32 | Construir | House |
| 21:33 | Construir | House |
| 21:34 | Construir | House |
| 21:49 | Crear | Villager (Male) |
| 21:50 | Crear | Villager (Male) |
| 21:51 | Crear | Fishing Ship |
| 21:51 | Crear | Fishing Ship |
| 21:52 | Crear | Fishing Ship |
| 22:01 | Investigar | Gillnets |
| 22:13 | Crear | Villager (Male) |
| 22:13 | Crear | Villager (Male) |
| 22:13 | Crear | Villager (Male) |
| 22:13 | Crear | Villager (Male) |
| 22:18 | Construir | Lumber Camp |
| 22:23 | Crear | Villager (Male) |
| 22:44 | Crear | Knight |
Build order — AM | Dani_Tamer
141 acciones detectadas en el replay
| 0:00 | Crear | Villager (Male) |
| 0:02 | Construir | House |
| 0:04 | Construir | House |
| 0:11 | Crear | Villager (Male) |
| 0:20 | Crear | Villager (Male) |
| 0:28 | Crear | Villager (Male) |
| 0:41 | Crear | Villager (Male) |
| 1:22 | Crear | Villager (Male) |
| 1:43 | Construir | Lumber Camp |
| 2:01 | Crear | Villager (Male) |
| 2:15 | Crear | Villager (Male) |
| 2:38 | Crear | Villager (Male) |
| 3:19 | Crear | Villager (Male) |
| 3:21 | Construir | House |
| 3:22 | Construir | House |
| 3:51 | Crear | Villager (Male) |
| 3:53 | Crear | Villager (Male) |
| 3:56 | Construir | Mill |
| 4:11 | Crear | Villager (Male) |
| 5:01 | Crear | Villager (Male) |
| 5:23 | Crear | Villager (Male) |
| 5:24 | Crear | Villager (Male) |
| 6:14 | Investigar | Loom |
| 6:41 | Investigar | Feudal Age |
| 7:22 | Construir | Barracks |
| 8:17 | Crear | Villager (Male) |
| 8:49 | Edad | Edad Feudal |
| 8:50 | Construir | Stable |
| 8:53 | Investigar | Double-Bit Axe |
| 9:06 | Crear | Villager (Male) |
| 9:17 | Construir | House |
| 9:35 | Crear | Villager (Male) |
| 9:46 | Crear | Scout Cavalry |
| 9:46 | Crear | Scout Cavalry |
| 9:47 | Crear | Scout Cavalry |
| 9:47 | Crear | Scout Cavalry |
| 9:47 | Crear | Scout Cavalry |
| 9:48 | Crear | Villager (Male) |
| 10:07 | Construir | Farm |
| 10:14 | Construir | Farm |
| 10:16 | Crear | Villager (Male) |
| 10:21 | Construir | House |
| 10:28 | Crear | Scout Cavalry |
| 10:31 | Construir | Farm |
| 10:33 | Construir | Farm |
| 10:38 | Construir | Farm |
| 10:39 | Crear | Villager (Male) |
| 10:51 | Construir | Farm |
| 10:59 | Crear | Villager (Male) |
| 11:02 | Construir | House |
| 11:13 | Construir | Farm |
| 11:24 | Crear | Villager (Male) |
| 11:32 | Construir | Farm |
| 11:34 | Crear | Villager (Male) |
| 11:36 | Construir | House |
| 11:48 | Crear | Villager (Male) |
| 12:04 | Crear | Scout Cavalry |
| 12:16 | Crear | Villager (Male) |
| 12:18 | Construir | House |
| 12:20 | Crear | Scout Cavalry |
| 12:23 | Construir | Farm |
| 12:25 | Construir | Farm |
| 12:40 | Crear | Villager (Male) |
| 12:42 | Construir | Farm |
| 12:59 | Crear | Villager (Male) |
| 13:02 | Construir | Farm |
| 13:06 | Construir | House |
| 13:20 | Crear | Scout Cavalry |
| 13:20 | Crear | Scout Cavalry |
| 13:21 | Crear | Villager (Male) |
| 13:25 | Construir | Blacksmith |
| 13:49 | Crear | Villager (Male) |
| 13:55 | Construir | Farm |
| 14:05 | Crear | Villager (Male) |
| 14:08 | Construir | House |
| 14:12 | Investigar | Scale Barding Armor |
| 14:13 | Crear | Villager (Male) |
| 14:16 | Construir | Farm |
| 14:39 | Crear | Villager (Male) |
| 14:44 | Construir | House |
| 14:45 | Crear | Villager (Male) |
| 14:48 | Construir | Farm |
| 14:49 | Construir | Farm |
| 14:53 | Construir | Farm |
| 15:01 | Crear | Scout Cavalry |
| 15:01 | Crear | Scout Cavalry |
| 15:14 | Crear | Villager (Male) |
| 15:17 | Construir | House |
| 15:19 | Construir | House |
| 15:21 | Construir | Mining Camp |
| 15:37 | Crear | Scout Cavalry |
| 15:38 | Crear | Villager (Male) |
| 15:40 | Construir | Farm |
| 16:06 | Crear | Scout Cavalry |
| 16:08 | Crear | Villager (Male) |
| 16:17 | Crear | Villager (Male) |
| 16:23 | Construir | Farm |
| 16:44 | Crear | Villager (Male) |
| 16:48 | Construir | Farm |
| 16:49 | Construir | Farm |
| 16:50 | Construir | Farm |
| 16:51 | Construir | Farm |
| 16:56 | Crear | Villager (Male) |
| 17:13 | Crear | Villager (Male) |
| 17:24 | Crear | Villager (Male) |
| 17:41 | Crear | Villager (Male) |
| 17:52 | Crear | Villager (Male) |
| 17:56 | Construir | Farm |
| 17:58 | Construir | Farm |
| 18:01 | Construir | Farm |
| 18:06 | Construir | Farm |
| 18:10 | Crear | Villager (Male) |
| 18:20 | Crear | Villager (Male) |
| 18:24 | Construir | House |
| 18:32 | Construir | Farm |
| 18:40 | Investigar | Castle Age |
| 18:59 | Investigar | Horse Collar |
| 19:08 | Investigar | Forging |
| 19:33 | Construir | Farm |
| 20:08 | Investigar | Bloodlines |
| 20:38 | Construir | Lumber Camp |
| 21:05 | Edad | Edad de los Castillos |
| 21:08 | Crear | Knight |
| 21:08 | Crear | Knight |
| 21:08 | Crear | Knight |
| 21:09 | Crear | Knight |
| 21:10 | Crear | Villager (Male) |
| 21:10 | Crear | Villager (Male) |
| 21:10 | Crear | Villager (Male) |
| 21:21 | Crear | Knight |
| 21:50 | Construir | Stable |
| 21:58 | Crear | Villager (Male) |
| 22:02 | Crear | Knight |
| 22:32 | Crear | Villager (Male) |
| 22:44 | Crear | Knight |
| 22:45 | Crear | Villager (Male) |
| 22:50 | Construir | Town Center |
| 22:55 | Crear | Villager (Male) |
| 23:12 | Crear | Villager (Male) |
| 23:26 | Crear | Villager (Male) |
| 23:33 | Construir | Farm |
Build order — Inkisidor_
Primeras 150 de 191 acciones detectadas
| 0:00 | Crear | Villager (Male) |
| 0:01 | Crear | Villager (Male) |
| 0:01 | Crear | Villager (Male) |
| 0:01 | Crear | Villager (Male) |
| 0:02 | Construir | House |
| 0:03 | Construir | House |
| 1:26 | Crear | Villager (Male) |
| 1:52 | Construir | Lumber Camp |
| 2:01 | Crear | Villager (Male) |
| 2:18 | Crear | Villager (Male) |
| 2:50 | Crear | Villager (Male) |
| 3:13 | Crear | Villager (Male) |
| 3:42 | Crear | Villager (Male) |
| 3:49 | Construir | Dock |
| 4:10 | Crear | Villager (Male) |
| 4:10 | Crear | Villager (Male) |
| 4:11 | Crear | Villager (Male) |
| 4:29 | Crear | Fishing Ship |
| 4:29 | Crear | Fishing Ship |
| 4:29 | Crear | Fishing Ship |
| 4:39 | Crear | Villager (Male) |
| 4:39 | Crear | Villager (Male) |
| 4:55 | Crear | Villager (Male) |
| 4:55 | Crear | Villager (Male) |
| 4:55 | Crear | Villager (Male) |
| 5:08 | Construir | House |
| 5:15 | Crear | Fishing Ship |
| 5:15 | Crear | Fishing Ship |
| 5:16 | Crear | Fishing Ship |
| 5:25 | Crear | Villager (Male) |
| 5:53 | Crear | Villager (Male) |
| 5:56 | Crear | Fishing Ship |
| 5:57 | Crear | Fishing Ship |
| 6:17 | Crear | Villager (Male) |
| 6:23 | Investigar | Loom |
| 7:09 | Investigar | Feudal Age |
| 7:09 | Investigar | Feudal Age |
| 7:34 | Construir | Lumber Camp |
| 8:17 | Construir | Barracks |
| 8:25 | Construir | House |
| 8:27 | Construir | Palisade Wall |
| 8:32 | Construir | Palisade Wall |
| 8:50 | Crear | Villager (Male) |
| 9:06 | Construir | Mining Camp |
| 9:19 | Edad | Edad Feudal |
| 9:23 | Construir | Archery Range |
| 9:26 | Construir | Archery Range |
| 9:33 | Construir | Palisade Wall |
| 9:35 | Construir | Palisade Wall |
| 9:41 | Construir | Palisade Wall |
| 9:47 | Crear | Villager (Male) |
| 9:53 | Investigar | Double-Bit Axe |
| 9:53 | Investigar | Double-Bit Axe |
| 9:53 | Investigar | Double-Bit Axe |
| 9:53 | Investigar | Double-Bit Axe |
| 9:53 | Investigar | Double-Bit Axe |
| 9:54 | Investigar | Double-Bit Axe |
| 9:54 | Investigar | Double-Bit Axe |
| 9:54 | Investigar | Double-Bit Axe |
| 10:05 | Crear | Villager (Male) |
| 10:15 | Construir | Blacksmith |
| 10:19 | Crear | Archer |
| 10:20 | Crear | Archer |
| 10:31 | Crear | Villager (Male) |
| 10:32 | Crear | Archer |
| 10:32 | Crear | Archer |
| 10:44 | Crear | Villager (Male) |
| 11:09 | Construir | Palisade Wall |
| 11:10 | Crear | Archer |
| 11:22 | Construir | House |
| 11:22 | Crear | Archer |
| 11:25 | Crear | Villager (Male) |
| 11:29 | Construir | House |
| 11:41 | Construir | House |
| 11:45 | Crear | Archer |
| 11:53 | Crear | Fishing Ship |
| 11:55 | Crear | Villager (Male) |
| 12:07 | Investigar | Fletching |
| 12:07 | Investigar | Fletching |
| 12:08 | Investigar | Fletching |
| 12:16 | Construir | House |
| 12:21 | Crear | Villager (Male) |
| 12:21 | Crear | Villager (Male) |
| 12:22 | Crear | Villager (Male) |
| 12:36 | Construir | Barracks |
| 12:41 | Crear | Archer |
| 12:42 | Crear | Archer |
| 12:45 | Crear | Archer |
| 12:45 | Crear | Archer |
| 12:45 | Crear | Archer |
| 12:58 | Crear | Archer |
| 13:11 | Construir | Stone Wall |
| 13:13 | Crear | Archer |
| 13:20 | Construir | Mill |
| 13:26 | Crear | Archer |
| 13:27 | Crear | Villager (Male) |
| 13:30 | Crear | Fishing Ship |
| 13:41 | Crear | Archer |
| 14:04 | Crear | Archer |
| 14:07 | Crear | Archer |
| 14:10 | Crear | Villager (Male) |
| 14:13 | Construir | House |
| 14:14 | Construir | House |
| 14:25 | Crear | Archer |
| 14:31 | Crear | Fishing Ship |
| 14:32 | Crear | Villager (Male) |
| 14:39 | Crear | Villager (Male) |
| 15:16 | Crear | Archer |
| 15:18 | Crear | Archer |
| 15:18 | Crear | Villager (Male) |
| 15:31 | Crear | Archer |
| 15:37 | Crear | Fishing Ship |
| 15:40 | Crear | Villager (Male) |
| 15:46 | Construir | Dock |
| 15:54 | Crear | Villager (Male) |
| 16:06 | Crear | Archer |
| 16:09 | Crear | Villager (Male) |
| 16:17 | Crear | Archer |
| 16:22 | Crear | Archer |
| 16:28 | Construir | House |
| 16:31 | Crear | Archer |
| 16:32 | Crear | Villager (Male) |
| 16:36 | Crear | Archer |
| 16:45 | Crear | Villager (Male) |
| 17:06 | Construir | House |
| 17:08 | Construir | House |
| 17:09 | Crear | Villager (Male) |
| 17:14 | Crear | Archer |
| 17:22 | Crear | Villager (Male) |
| 17:24 | Construir | Watch Tower |
| 17:26 | Crear | Villager (Male) |
| 17:32 | Crear | Archer |
| 17:52 | Crear | Villager (Male) |
| 18:06 | Crear | Villager (Male) |
| 18:08 | Crear | Archer |
| 18:08 | Crear | Archer |
| 18:11 | Crear | Villager (Male) |
| 18:17 | Crear | Villager (Male) |
| 18:25 | Construir | Stone Wall |
| 18:26 | Crear | Villager (Male) |
| 18:28 | Crear | Archer |
| 18:30 | Crear | Archer |
| 18:35 | Crear | Villager (Male) |
| 18:39 | Crear | Villager (Male) |
| 18:53 | Crear | Villager (Male) |
| 18:55 | Crear | Archer |
| 18:59 | Crear | Archer |
| 19:03 | Crear | Archer |
| 19:03 | Crear | Archer |
| 19:03 | Crear | Archer |
Build order — Chevy
128 acciones detectadas en el replay
| 0:01 | Crear | Villager (Male) |
| 0:02 | Crear | Villager (Male) |
| 0:02 | Crear | Villager (Male) |
| 0:03 | Construir | House |
| 0:04 | Construir | House |
| 0:23 | Crear | Villager (Male) |
| 0:24 | Crear | Villager (Male) |
| 1:24 | Crear | Villager (Male) |
| 1:24 | Crear | Villager (Male) |
| 1:51 | Construir | Lumber Camp |
| 1:59 | Crear | Villager (Male) |
| 1:59 | Crear | Villager (Male) |
| 2:00 | Crear | Villager (Male) |
| 2:24 | Crear | Villager (Male) |
| 2:25 | Crear | Villager (Male) |
| 2:25 | Crear | Villager (Male) |
| 2:49 | Crear | Villager (Male) |
| 2:49 | Crear | Villager (Male) |
| 3:03 | Crear | Villager (Male) |
| 3:03 | Crear | Villager (Male) |
| 3:41 | Crear | Villager (Male) |
| 3:41 | Crear | Villager (Male) |
| 3:41 | Crear | Villager (Male) |
| 3:55 | Construir | House |
| 3:56 | Construir | House |
| 4:05 | Crear | Villager (Male) |
| 4:05 | Crear | Villager (Male) |
| 4:18 | Construir | Mill |
| 4:28 | Crear | Villager (Male) |
| 4:28 | Crear | Villager (Male) |
| 4:28 | Crear | Villager (Male) |
| 4:50 | Crear | Villager (Male) |
| 4:50 | Crear | Villager (Male) |
| 5:26 | Crear | Villager (Male) |
| 5:26 | Crear | Villager (Male) |
| 5:27 | Crear | Villager (Male) |
| 5:27 | Crear | Villager (Male) |
| 5:27 | Crear | Villager (Male) |
| 5:36 | Investigar | Loom |
| 6:05 | Crear | Villager (Male) |
| 7:02 | Investigar | Loom |
| 8:10 | Investigar | Feudal Age |
| 8:10 | Investigar | Feudal Age |
| 8:19 | Construir | Barracks |
| 8:21 | Construir | House |
| 8:30 | Construir | House |
| 8:33 | Construir | Palisade Wall |
| 9:14 | Construir | Palisade Wall |
| 10:07 | Construir | House |
| 10:19 | Crear | Villager (Male) |
| 10:19 | Edad | Edad Feudal |
| 10:24 | Investigar | Double-Bit Axe |
| 10:25 | Investigar | Double-Bit Axe |
| 10:28 | Construir | Stable |
| 10:32 | Construir | House |
| 10:36 | Construir | Palisade Wall |
| 10:44 | Crear | Villager (Male) |
| 10:53 | Investigar | Horse Collar |
| 11:16 | Crear | Scout Cavalry |
| 11:16 | Crear | Scout Cavalry |
| 11:16 | Crear | Scout Cavalry |
| 11:19 | Crear | Villager (Male) |
| 11:19 | Crear | Villager (Male) |
| 11:19 | Crear | Villager (Male) |
| 11:32 | Construir | Farm |
| 11:45 | Construir | House |
| 11:47 | Crear | Scout Cavalry |
| 12:01 | Crear | Villager (Male) |
| 12:24 | Crear | Villager (Male) |
| 12:24 | Crear | Villager (Male) |
| 12:28 | Construir | Farm |
| 12:51 | Crear | Villager (Male) |
| 13:23 | Crear | Scout Cavalry |
| 13:24 | Crear | Scout Cavalry |
| 13:24 | Crear | Scout Cavalry |
| 13:42 | Crear | Villager (Male) |
| 13:42 | Crear | Villager (Male) |
| 13:48 | Crear | Villager (Male) |
| 13:48 | Crear | Villager (Male) |
| 13:52 | Construir | Farm |
| 13:54 | Construir | Farm |
| 13:56 | Construir | Farm |
| 14:04 | Crear | Villager (Male) |
| 14:07 | Construir | Blacksmith |
| 14:09 | Construir | House |
| 14:31 | Crear | Scout Cavalry |
| 14:31 | Crear | Scout Cavalry |
| 15:12 | Crear | Scout Cavalry |
| 15:13 | Crear | Scout Cavalry |
| 15:14 | Crear | Villager (Male) |
| 15:15 | Crear | Villager (Male) |
| 15:22 | Construir | Mining Camp |
| 15:25 | Construir | Lumber Camp |
| 15:41 | Crear | Scout Cavalry |
| 15:41 | Crear | Scout Cavalry |
| 16:12 | Crear | Scout Cavalry |
| 16:14 | Crear | Villager (Male) |
| 16:14 | Crear | Villager (Male) |
| 16:33 | Crear | Scout Cavalry |
| 16:47 | Construir | Farm |
| 16:49 | Construir | Farm |
| 16:52 | Construir | Farm |
| 16:55 | Construir | Farm |
| 17:11 | Crear | Villager (Male) |
| 17:11 | Crear | Villager (Male) |
| 17:33 | Construir | Farm |
| 17:37 | Construir | Mining Camp |
| 17:43 | Construir | Farm |
| 18:29 | Crear | Villager (Male) |
| 18:29 | Crear | Villager (Male) |
| 19:36 | Construir | Farm |
| 19:37 | Construir | Farm |
| 19:39 | Construir | Farm |
| 19:43 | Construir | Farm |
| 20:01 | Construir | Market |
| 20:57 | Investigar | Castle Age |
| 20:58 | Investigar | Castle Age |
| 21:19 | Construir | Stable |
| 21:46 | Construir | Stable |
| 22:03 | Construir | House |
| 22:04 | Construir | House |
| 22:07 | Investigar | Bloodlines |
| 22:20 | Investigar | Gold Mining |
| 22:24 | Investigar | Scale Barding Armor |
| 22:24 | Investigar | Scale Barding Armor |
| 23:11 | Construir | Palisade Wall |
| 23:22 | Construir | House |
| 23:37 | Edad | Edad de los Castillos |
Build order — watoncito
Primeras 150 de 177 acciones detectadas
| 0:01 | Crear | Villager (Male) ×5 |
| 0:02 | Construir | House |
| 0:03 | Construir | House |
| 1:28 | Crear | Villager (Male) |
| 1:28 | Crear | Villager (Male) |
| 1:54 | Construir | Lumber Camp |
| 1:58 | Crear | Villager (Male) |
| 2:22 | Crear | Villager (Male) |
| 2:42 | Crear | Villager (Male) |
| 2:42 | Crear | Villager (Male) |
| 3:00 | Crear | Villager (Male) |
| 3:17 | Construir | House |
| 3:31 | Crear | Villager (Male) |
| 3:49 | Crear | Villager (Male) |
| 3:50 | Crear | Villager (Male) |
| 4:21 | Construir | Dock |
| 4:25 | Crear | Villager (Male) |
| 4:26 | Crear | Villager (Male) |
| 4:50 | Construir | House |
| 5:02 | Crear | Fishing Ship |
| 5:03 | Crear | Fishing Ship |
| 5:16 | Crear | Villager (Male) |
| 5:17 | Crear | Villager (Male) |
| 5:37 | Crear | Fishing Ship |
| 5:49 | Crear | Villager (Male) |
| 5:49 | Crear | Villager (Male) |
| 6:04 | Crear | Villager (Male) |
| 6:24 | Crear | Villager (Male) |
| 6:56 | Crear | Fishing Ship |
| 7:25 | Investigar | Feudal Age |
| 7:26 | Investigar | Feudal Age |
| 7:43 | Construir | Lumber Camp |
| 8:24 | Construir | Mining Camp |
| 8:42 | Construir | Dock |
| 9:04 | Construir | House |
| 9:18 | Investigar | Loom |
| 9:37 | Edad | Edad Feudal |
| 9:37 | Crear | Villager (Male) |
| 9:40 | Construir | Blacksmith |
| 9:55 | Investigar | Double-Bit Axe |
| 9:56 | Investigar | Double-Bit Axe |
| 10:02 | Crear | Galley ×2 |
| 10:02 | Crear | Galley ×2 |
| 10:18 | Crear | Villager (Male) |
| 10:29 | Investigar | Fletching |
| 10:30 | Investigar | Fletching |
| 10:44 | Construir | Dock |
| 10:47 | Crear | Galley ×2 |
| 10:47 | Crear | Galley ×2 |
| 10:59 | Crear | Villager (Male) |
| 10:59 | Crear | Villager (Male) |
| 10:59 | Crear | Villager (Male) |
| 11:01 | Crear | Galley |
| 11:01 | Crear | Galley |
| 11:27 | Crear | Villager (Male) |
| 11:40 | Crear | Galley ×2 |
| 11:41 | Crear | Galley ×2 |
| 11:49 | Crear | Villager (Male) |
| 11:50 | Crear | Villager (Male) |
| 12:10 | Crear | Fishing Ship |
| 12:11 | Crear | Fishing Ship |
| 12:12 | Crear | Fishing Ship |
| 12:16 | Construir | House |
| 12:16 | Construir | House |
| 12:17 | Construir | House |
| 12:29 | Crear | Villager (Male) |
| 12:29 | Crear | Villager (Male) |
| 12:33 | Construir | Barracks |
| 12:53 | Construir | Mill |
| 12:56 | Crear | Villager (Male) |
| 13:00 | Crear | Fishing Ship |
| 13:00 | Crear | Fishing Ship |
| 13:19 | Crear | Villager (Male) |
| 13:34 | Construir | Stable |
| 13:42 | Crear | Fishing Ship |
| 13:42 | Crear | Fishing Ship |
| 13:47 | Crear | Villager (Male) |
| 13:47 | Crear | Villager (Male) |
| 13:54 | Construir | House |
| 13:54 | Construir | House |
| 13:58 | Investigar | Tech 906 |
| 13:59 | Investigar | Tech 906 |
| 14:23 | Crear | Fishing Ship ×2 |
| 14:24 | Crear | Fishing Ship ×2 |
| 14:28 | Construir | House |
| 14:29 | Construir | House |
| 14:30 | Construir | House |
| 14:33 | Crear | Villager (Male) |
| 14:40 | Construir | Mining Camp |
| 14:48 | Crear | Fishing Ship |
| 14:49 | Crear | Fishing Ship |
| 14:52 | Crear | Villager (Male) |
| 15:31 | Crear | Villager (Male) |
| 15:32 | Crear | Villager (Male) |
| 15:32 | Crear | Fishing Ship ×4 |
| 15:50 | Construir | Market |
| 16:03 | Crear | Villager (Male) |
| 16:13 | Construir | Stable |
| 16:55 | Investigar | Castle Age |
| 16:56 | Investigar | Castle Age |
| 17:00 | Construir | Dock |
| 17:09 | Crear | Fishing Ship ×3 |
| 17:09 | Crear | Fishing Ship ×3 |
| 17:30 | Investigar | Bloodlines |
| 17:31 | Investigar | Bloodlines |
| 18:02 | Investigar | Horse Collar |
| 18:02 | Investigar | Horse Collar |
| 18:09 | Investigar | Scale Barding Armor |
| 18:21 | Construir | House |
| 18:25 | Construir | Palisade Wall |
| 18:29 | Construir | House |
| 18:38 | Investigar | Forging |
| 18:40 | Crear | Spearman |
| 18:44 | Construir | Farm |
| 18:45 | Construir | Farm |
| 18:49 | Construir | Farm |
| 18:51 | Construir | Farm |
| 19:21 | Edad | Edad de los Castillos |
| 19:25 | Crear | Villager (Male) |
| 19:27 | Investigar | Chain Barding Armor |
| 19:29 | Crear | Knight ×2 |
| 19:30 | Crear | Knight ×2 |
| 19:41 | Investigar | Gillnets |
| 19:54 | Construir | Town Center |
| 19:58 | Construir | Farm |
| 20:00 | Crear | Villager (Male) |
| 20:03 | Crear | Knight |
| 20:09 | Crear | Knight |
| 20:09 | Crear | Knight |
| 20:19 | Crear | Villager (Male) |
| 20:34 | Construir | Farm |
| 20:38 | Construir | Farm |
| 20:46 | Construir | Town Center |
| 20:49 | Crear | Villager (Male) |
| 20:53 | Construir | Farm |
| 20:56 | Crear | Knight ×2 |
| 20:57 | Crear | Knight ×2 |
| 20:58 | Crear | Fishing Ship ×2 |
| 20:59 | Crear | Fishing Ship ×2 |
| 21:02 | Crear | Villager (Male) |
| 21:02 | Crear | Villager (Male) |
| 21:16 | Crear | Villager (Male) ×5 |
| 21:26 | Construir | Farm |
| 21:31 | Construir | Farm |
| 21:32 | Construir | Farm |
| 21:33 | Construir | Farm |
| 21:41 | Crear | Knight ×3 |
| 21:42 | Crear | Knight ×3 |
| 21:44 | Crear | Villager (Male) ×5 |
| 22:09 | Crear | Villager (Male) |
Build order — Gojo
Primeras 150 de 159 acciones detectadas
| 0:00 | Crear | Villager (Male) |
| 0:01 | Crear | Villager (Male) |
| 0:01 | Crear | Villager (Male) |
| 0:02 | Construir | House |
| 0:03 | Construir | House |
| 0:04 | Crear | Villager (Male) |
| 0:05 | Crear | Villager (Male) |
| 1:26 | Crear | Villager (Male) |
| 1:39 | Construir | Lumber Camp |
| 2:02 | Crear | Villager (Male) |
| 2:03 | Crear | Villager (Male) |
| 2:26 | Crear | Villager (Male) |
| 2:26 | Crear | Villager (Male) |
| 2:56 | Crear | Villager (Male) |
| 3:19 | Crear | Villager (Male) |
| 3:20 | Crear | Villager (Male) |
| 3:28 | Construir | House |
| 3:40 | Crear | Villager (Male) |
| 4:05 | Construir | Dock |
| 4:09 | Crear | Villager (Male) |
| 4:09 | Crear | Villager (Male) |
| 4:36 | Crear | Villager (Male) |
| 4:36 | Crear | Villager (Male) |
| 4:44 | Crear | Fishing Ship |
| 4:44 | Crear | Fishing Ship |
| 4:54 | Crear | Villager (Male) |
| 5:17 | Crear | Villager (Male) |
| 5:18 | Crear | Villager (Male) |
| 5:26 | Crear | Fishing Ship |
| 5:26 | Crear | Fishing Ship |
| 5:51 | Crear | Villager (Male) |
| 5:51 | Crear | Villager (Male) |
| 6:02 | Crear | Fishing Ship |
| 6:03 | Crear | Fishing Ship |
| 6:36 | Crear | Villager (Male) |
| 6:48 | Investigar | Loom |
| 6:59 | Construir | Lumber Camp |
| 7:33 | Investigar | Feudal Age |
| 7:33 | Investigar | Feudal Age |
| 7:54 | Construir | Barracks |
| 8:18 | Construir | Mining Camp |
| 8:32 | Crear | Villager (Male) |
| 8:51 | Crear | Villager (Male) |
| 9:13 | Construir | House |
| 9:43 | Edad | Edad Feudal |
| 9:45 | Construir | Archery Range |
| 9:47 | Construir | Archery Range |
| 9:50 | Investigar | Double-Bit Axe |
| 10:00 | Construir | Blacksmith |
| 10:02 | Crear | Villager (Male) |
| 10:12 | Construir | House |
| 10:45 | Crear | Archer |
| 10:45 | Crear | Archer |
| 10:48 | Investigar | Fletching |
| 10:54 | Crear | Villager (Male) |
| 11:03 | Crear | Fishing Ship |
| 11:13 | Crear | Archer |
| 11:13 | Crear | Archer |
| 11:30 | Crear | Villager (Male) |
| 11:37 | Construir | Palisade Wall |
| 11:37 | Construir | Palisade Wall |
| 11:39 | Construir | Palisade Wall |
| 11:40 | Construir | Palisade Wall |
| 11:42 | Crear | Villager (Male) |
| 11:43 | Crear | Archer |
| 11:43 | Crear | Archer |
| 11:48 | Investigar | Fletching |
| 12:02 | Construir | House |
| 12:08 | Construir | House |
| 12:08 | Construir | House |
| 12:11 | Construir | Palisade Wall |
| 12:13 | Crear | Archer |
| 12:13 | Crear | Archer |
| 12:17 | Crear | Villager (Male) |
| 12:35 | Crear | Archer |
| 12:41 | Crear | Villager (Male) |
| 12:47 | Crear | Archer |
| 13:01 | Construir | Watch Tower |
| 13:26 | Crear | Archer |
| 13:29 | Crear | Villager (Male) |
| 13:29 | Crear | Villager (Male) |
| 13:31 | Crear | Villager (Male) |
| 13:41 | Construir | Mill |
| 13:55 | Crear | Spearman |
| 14:05 | Investigar | Padded Archer Armor |
| 14:07 | Crear | Fishing Ship |
| 14:07 | Crear | Fishing Ship |
| 14:13 | Construir | Dock |
| 14:21 | Construir | House |
| 14:23 | Construir | House |
| 14:25 | Crear | Archer |
| 14:30 | Crear | Villager (Male) |
| 14:30 | Crear | Villager (Male) |
| 14:35 | Construir | Palisade Gate |
| 15:00 | Crear | Archer |
| 15:07 | Crear | Archer |
| 15:09 | Crear | Villager (Male) |
| 15:12 | Construir | Farm |
| 15:14 | Construir | Farm |
| 15:14 | Construir | Farm |
| 15:17 | Construir | Archery Range |
| 15:20 | Construir | House |
| 15:22 | Crear | Spearman |
| 15:28 | Crear | Villager (Male) |
| 15:39 | Crear | Archer |
| 15:40 | Crear | Archer |
| 15:50 | Crear | Archer |
| 15:55 | Crear | Archer |
| 15:57 | Crear | Villager (Male) |
| 16:05 | Crear | Villager (Male) |
| 16:06 | Crear | Villager (Male) |
| 16:07 | Construir | Farm |
| 16:07 | Construir | Farm |
| 16:16 | Crear | Villager (Male) |
| 16:22 | Crear | Archer |
| 16:28 | Construir | Market |
| 16:46 | Crear | Archer |
| 16:52 | Construir | House |
| 16:54 | Construir | Palisade Wall |
| 17:10 | Crear | Archer |
| 17:13 | Crear | Villager (Male) |
| 17:40 | Construir | House |
| 17:48 | Construir | House |
| 17:51 | Crear | Villager (Male) |
| 18:31 | Investigar | Castle Age |
| 18:32 | Investigar | Castle Age |
| 18:48 | Crear | Archer |
| 19:09 | Crear | Archer |
| 19:09 | Crear | Archer |
| 19:12 | Investigar | Tech 906 |
| 19:13 | Investigar | Tech 906 |
| 19:31 | Crear | Archer |
| 19:36 | Construir | Lumber Camp |
| 19:41 | Crear | Archer |
| 19:53 | Crear | Villager (Male) |
| 20:16 | Crear | Villager (Male) |
| 20:19 | Investigar | Gold Mining |
| 20:23 | Crear | Villager (Male) |
| 20:41 | Crear | Archer |
| 21:04 | Crear | Spearman |
| 21:11 | Edad | Edad de los Castillos |
| 21:14 | Investigar | Crossbowman (upgrade) |
| 21:15 | Investigar | Bodkin Arrow |
| 21:15 | Investigar | Bodkin Arrow |
| 21:20 | Crear | Villager (Male) |
| 21:26 | Crear | Archer |
| 21:38 | Crear | Villager (Male) |
| 21:59 | Crear | Archer |
| 22:04 | Crear | Archer |
| 22:04 | Crear | Archer |
Cronología de la partida
| 3:41 | [CL] Sebag · first_building Dock |
| 3:49 | Inkisidor_ · first_building Dock |
| 4:05 | Gojo · first_building Dock |
| 4:21 | watoncito · first_building Dock |
| 7:14 | AM | Aparato de Golgi · wall_segment Palisade Wall x1 |
| 7:14 | AM | Aparato de Golgi · wall_segment Palisade Wall x1 |
| 7:15 | AM | Aparato de Golgi · wall_segment Palisade Wall x1 |
| 7:16 | AM | Aparato de Golgi · wall_segment Palisade Wall x1 |
| 7:22 | AM | Dani_Tamer · first_building Barracks |
| 7:29 | AM | Aparato de Golgi · wall_segment Palisade Wall x1 |
| 7:31 | Sahaquiel · first_building Barracks |
| 7:32 | AM | Aparato de Golgi · wall_segment Palisade Wall x1 |
| 7:54 | Gojo · first_building Barracks |
| 7:55 | AM | Aparato de Golgi · first_building Barracks |
| 8:14 | AM | Aparato de Golgi · age_up feudal |
| 8:17 | Inkisidor_ · first_building Barracks |
| 8:19 | Chevy · first_building Barracks |
| 8:27 | Inkisidor_ · wall_segment Palisade Wall x1 |
| 8:29 | Sahaquiel · age_up feudal |
| 8:32 | Inkisidor_ · wall_segment Palisade Wall x5 |
| 8:33 | Chevy · wall_segment Palisade Wall x8 |
| 8:49 | AM | Aparato de Golgi · first_building Archery Range |
| 8:49 | AM | Dani_Tamer · age_up feudal |
| 8:50 | Sahaquiel · first_building Archery Range |
| 8:50 | AM | Dani_Tamer · first_building Stable |
| 9:14 | Chevy · wall_segment Palisade Wall x1 |
| 9:19 | Inkisidor_ · age_up feudal |
| 9:23 | Inkisidor_ · first_building Archery Range |
| 9:33 | Inkisidor_ · wall_segment Palisade Wall x6 |
| 9:34 | [CL] Sebag · age_up feudal |
| 9:35 | Inkisidor_ · wall_segment Palisade Wall x1 |
| 9:37 | watoncito · age_up feudal |
| 9:41 | Inkisidor_ · wall_segment Palisade Wall x8 |
| 9:43 | Gojo · age_up feudal |
| 9:45 | Gojo · first_building Archery Range |
| 10:19 | Chevy · age_up feudal |
| 10:28 | Chevy · first_building Stable |
| 10:36 | Chevy · wall_segment Palisade Wall x1 |
| 10:47 | Sahaquiel · first_market_sell 100 stone |
| 10:50 | Sahaquiel · wall_segment Palisade Wall x5 |
| 11:09 | Inkisidor_ · wall_segment Palisade Wall x6 |
| 11:37 | Gojo · wall_segment Palisade Wall x1 |
| 11:37 | Gojo · wall_segment Palisade Wall x1 |
| 11:39 | Gojo · wall_segment Palisade Wall x1 |
| 11:40 | Gojo · wall_segment Palisade Wall x1 |
| 12:11 | Gojo · wall_segment Palisade Wall x3 |
| 12:20 | Sahaquiel · wall_segment Palisade Wall x7 |
| 12:33 | watoncito · first_building Barracks |
| 13:11 | Inkisidor_ · wall_segment Stone Wall x5 |
| 13:34 | watoncito · first_building Stable |
| 15:27 | [CL] Sebag · first_building Barracks |
| 16:13 | Sahaquiel · first_market_buy 100 food |
| 16:44 | watoncito · first_market_buy 100 food |
| 16:50 | [CL] Sebag · first_building Stable |
| 16:54 | Gojo · wall_segment Palisade Wall x11 |
| 17:09 | Sahaquiel · wall_segment Palisade Wall x8 |
| 17:11 | Sahaquiel · wall_segment Palisade Wall x2 |
| 17:12 | Sahaquiel · wall_segment Palisade Wall x1 |
| 18:05 | [CL] Sebag · age_up castle |
| 18:13 | Gojo · first_market_buy 100 food |
| 18:13 | Gojo · first_market_sell 100 wood |
| 18:25 | watoncito · wall_segment Palisade Wall x1 |
| 18:25 | Inkisidor_ · wall_segment Stone Wall x7 |
| 19:12 | Sahaquiel · wall_segment Palisade Wall x1 |
| 19:21 | watoncito · age_up castle |
| 20:02 | AM | Aparato de Golgi · wall_segment Palisade Wall x1 |
| 20:04 | AM | Aparato de Golgi · wall_segment Palisade Wall x5 |
| 20:06 | AM | Aparato de Golgi · wall_segment Palisade Wall x1 |
| 20:10 | AM | Aparato de Golgi · wall_segment Palisade Wall x1 |
| 20:12 | AM | Aparato de Golgi · wall_segment Palisade Wall x1 |
| 20:14 | AM | Aparato de Golgi · wall_segment Palisade Wall x5 |
| 20:19 | AM | Aparato de Golgi · wall_segment Palisade Wall x1 |
| 20:21 | AM | Aparato de Golgi · wall_segment Palisade Wall x6 |
| 20:28 | Inkisidor_ · wall_segment Palisade Wall x1 |
| 20:28 | Inkisidor_ · wall_segment Palisade Wall x1 |
| 20:43 | Sahaquiel · wall_segment Palisade Wall x6 |
| 20:45 | Sahaquiel · wall_segment Palisade Wall x1 |
| 20:45 | Sahaquiel · age_up castle |
| 20:46 | Sahaquiel · wall_segment Palisade Wall x3 |
| 21:05 | AM | Dani_Tamer · age_up castle |
| 21:11 | Gojo · age_up castle |
| 22:00 | [CL] Sebag · first_market_buy 100 food |
| 22:10 | Inkisidor_ · first_market_sell 500 wood |
| 22:14 | Inkisidor_ · first_market_buy 100 food |
| 22:25 | Inkisidor_ · wall_segment Stone Wall x1 |
| 23:11 | Chevy · wall_segment Palisade Wall x1 |
| 23:32 | Sahaquiel · resign |
| 23:37 | Chevy · age_up castle |
[ ANÁLISIS IA · 1 CRÉDITO ]
¿Qué pasó realmente en esta partida?
Wolo.gg analiza cada decisión: build order, eco, micro, errores típicos por bracket. Análisis personalizado por WhatsApp o Discord en 30 segundos.
Guía civ
Sarracenos
Perfil
Jugador #4701741